 Dungeon Crawl Stone Soup version 0.18-a0-977-ge0e037f (webtiles) character file.

3973 Arkorax the Grappler (level 10, -3/102 HPs)
             Began as a Troll Monk on Jan 3, 2016.
             Slain by a gargoyle
             ... wielding a +0 dire flail
              (15 damage)
             ... on level 9 of the Dungeon.
             The game lasted 00:14:00 (7405 turns).

Arkorax the Grappler (Troll Monk)                   Turns: 7405, Time: 00:14:00

Health: -3/102     AC:  7    Str: 21    XL:     10   Next: 2%
Magic:  9/9        EV: 10    Int:  6    God:
Gold:   250        SH:  0    Dex: 15    Spells: 0 memorised, 9 levels left

rFire  . . .     SeeInvis .       - Unarmed
rCold  . . .     Gourm    +     I - +1 robe
rNeg   . . .     Faith    .     (no shield)
rPois  .         Spirit   .     (helmet restricted)
rElec  .         Dismiss  .     a - +0 cloak
rCorr  .         Reflect  .     (gloves unavailable)
SustAt .         Harm     .     (boots unavailable)
MR     .....     Rnd*Tele +     (no amulet)
Stlth  ++........               (no ring)
                                C - ring of teleportation (curse)

@: not resistant to hostile enchantments, unstealthy
A: unfitting armour, claws 3, fast metabolism 3, gourmand, regeneration 2,
shaggy fur 1, tough skin 2
a: Evoke Teleportation


You were on level 9 of the Dungeon.
You were completely stuffed.

You visited 2 branches of the dungeon, and saw 10 of its levels.

You collected 376 gold pieces.
You spent 126 gold pieces at shops.

Inventory:

Hand Weapons
 m - a +0 giant club
 v - the +6 rapier of Dissolution {antimagic, +Blink Str+4 Dex+2}
   (You found it on level 5 of the Dungeon)

   It disrupts the flow of magical energy around spellcasters and certain
   magical creatures (including the wielder).
   It affects your strength (+4).
   It affects your dexterity (+2).
   It lets you blink.
 D - a +0 whip of electrocution
Missiles
 B - 3 large rocks (quivered)
 K - a throwing net
Armour
 a - a +0 cloak (worn)
 z - a +0 large shield
 I - a +1 robe (worn)
Jewellery
 e - an uncursed amulet of faith
 j - an uncursed ring of fire
 C - a cursed ring of teleportation (left claw)
Wands
 y - a wand of teleportation (5/9)
 J - a wand of enslavement (7/24)
Scrolls
 f - 2 scrolls of teleportation
 h - 4 scrolls of identify
 q - 4 scrolls of enchant weapon
 x - a scroll of magic mapping
 F - a scroll of holy word {unknown}
 G - 2 scrolls of fear {unknown}
 H - a scroll of fog {unknown}
Potions
 c - 2 potions of degeneration {unknown}
 g - a potion of berserk rage {unknown}
 l - a potion of agility {unknown}
 n - a potion of lignification {unknown}
 o - 7 potions of curing
 p - a potion of invisibility {unknown}
 r - 2 potions of beneficial mutation {unknown}
 t - a potion of haste {unknown}
 u - 2 potions of heal wounds
Books
 k - a book of Flames

   Spells                             Type                      Level
   a - Flame Tongue                   Conjuration/Fire             1
   b - Throw Flame                    Conjuration/Fire             2
   c - Conjure Flame                  Conjuration/Fire             3
   d - Inner Flame                    Hexes/Fire                   3
   e - Sticky Flame                   Conjuration/Fire             4
   f - Fireball                       Conjuration/Fire             5
 w - a book of the Tempests

   Spells                             Type                      Level
   a - Static Discharge               Conjuration/Air              3
   b - Lightning Bolt                 Conjuration/Air              5
   c - Fireball                       Conjuration/Fire             5
   d - Tornado                        Air                          9
   e - Shatter                        Earth                        9
Comestibles
 b - 5 bread rations
 d - 6 meat rations
 i - 13 royal jellies
 s - a beef jerky
 A - 3 fruits
 E - 2 slices of pizza
 L - 6 chunks of flesh


   Skills:
 + Level 7.5 Fighting
 - Level 2.4 Dodging
 - Level 1.1 Stealth
 * Level 12.1 Unarmed Combat


You had 9 spell levels left.
You didn't know any spells.

Dungeon Overview and Level Annotations

Branches:
Dungeon (9/15)             Temple (1/1) D:6
   Lair: D:8-11         Orc: D:9-12

Altars:
Ashenzari
Cheibriados
Dithmenos
Elyvilon
Fedhas
Gozag
Kikubaaqudgha
Makhleb
Nemelex Xobeh
Okawaru
Pakellas
Qazlal
Ru
Sif Muna
Trog
Vehumet
Xom
Yredelemnul
Zin
The Shining One

Shops:
D:6 ?   D:8 *


Innate Abilities, Weirdness & Mutations

You are too large for most types of armour.
You have claws for hands.
Your metabolism is lightning-fast.
You like to eat raw meat.
You heal very quickly.
You are covered in fur (AC +1).
You have very tough skin (AC +2).


Message History

You scratch the gargoyle but do no damage.
Your claw misses the gargoyle.
The gargoyle is heavily damaged.
The gargoyle hurls a stone arrow at you.
The stone arrow misses you.
Throwing (i - inventory. (,) - cycle):
B - 5 large rocks (quivered)
Press: ? - help, Shift-Dir - straight line, f - gargoyle
Aim: a gargoyle, wielding a dire flail (heavily damaged)
You throw a large rock.
The large rock hits the gargoyle but does no damage.
The gargoyle is heavily damaged.
The gargoyle hits you with a dire flail!
* * * LOW HITPOINT WARNING * * *
Throwing (i - inventory. (,) - cycle):
B - 4 large rocks (quivered)
Press: ? - help, Shift-Dir - straight line, f/p - gargoyle
Aim: a gargoyle, wielding a dire flail (heavily damaged)
You throw a large rock. The large rock hits the gargoyle.
The gargoyle is severely damaged.
The gargoyle hits you with a dire flail!
You die...

#.#.###.####(........##.###..
#.#.....# ###.#.............
#.###.### #.########.#####
#.# #.# #.# #.# #####.###.#
#.# #.# <....[....# ###.# #.#
#####.##### #...# #.. #.#
#.### ### #.# #@# #####.# #9#
#.....# #.# #.##### #.# #.#
#.# #.#### #.# #....# #.#
####.### #.# #.....#


You could see a gargoyle.

Vanquished Creatures
  Pikel (D:6)
  Prince Ribbit (D:6)
  Grinder (D:3)
  A wyvern (D:8)
  2 hippogriffs (D:8)
  Menkaure (D:6)
  A sky beast (D:9)
  2 orc warriors
  3 ogres
  3 phantoms
  4 centaurs
  3 giant frogs
  A wyvern skeleton (D:7)
  2 centaur zombies
  4 crimson imps
  2 giant frog zombies (D:5)
  A hound (D:9)
  4 jellies
  3 orc wizards
  5 orc priests
  Crazy Yiuf (D:6)
  A giant frog skeleton (D:4)
  2 iguanas
  2 worker ants
  A killer bee zombie (D:8)
  8 gnolls
  11 adders
  5 shadow imps
  5 oozes (D:8)
  3 adder zombies
  2 adder skeletons
  2 worms
  4 giant geckos
  28 orcs
  A giant cockroach (D:2)
  5 goblins
  4 hobgoblins
  8 jackals
  5 quokkas
  3 ball pythons
  5 bats
  6 giant newts
  5 kobolds
  4 rats
  2 fungi (D:6)
168 creatures vanquished.

Vanquished Creatures (others)
  A slave (D:6)
  A giant cockroach (D:6)
2 creatures vanquished.

Grand Total: 170 creatures vanquished

Notes
Turn   | Place    | Note
--------------------------------------------------------------
     0 | D:1      | Arkorax the Troll Monk began the quest for the Orb.
     0 | D:1      | Reached XP level 1. HP: 22/22 MP: 0/0
   185 | D:1      | Reached XP level 2. HP: 29/29 MP: 1/1
   848 | D:2      | Found a basalt altar of Yredelemnul.
   920 | D:2      | Found a glowing golden altar of the Shining One.
  1024 | D:2      | Reached XP level 3. HP: 31/36 MP: 2/2
  1070 | D:2      | Reached skill level 5 in Unarmed Combat
  1076 | D:2      | Reached XP level 4. HP: 19/45 MP: 3/3
  1543 | D:3      | Reached XP level 5. HP: 7/53 MP: 4/4
  1759 | D:3      | Noticed Grinder
  1794 | D:3      | Paralysed by Grinder for 3 turns
  1814 | D:3      | Killed Grinder
  1814 | D:3      | Reached skill level 6 in Unarmed Combat
  1814 | D:3      | Reached XP level 6. HP: 49/62 MP: 5/5
  2547 | D:4      | Reached skill level 7 in Unarmed Combat
  2595 | D:4      | Reached XP level 7. HP: 48/71 MP: 6/6
  2707 | D:4      | Found an iron altar of Okawaru.
  3093 | D:5      | Entered Level 5 of the Dungeon
  3145 | D:5      | Got a pitted rapier
  3146 | D:5      | Identified the +6 rapier of Dissolution {antimagic, +Blink Str+4 Dex+2} (You found it on level 5 of the Dungeon)
  3273 | D:5      | Reached skill level 8 in Unarmed Combat
  3331 | D:5      | Reached skill level 5 in Fighting
  3610 | D:5      | Found a deep blue altar of Sif Muna.
  3780 | D:6      | Reached XP level 8. HP: 64/80 MP: 7/7
  3907 | D:6      | Noticed Pikel
  3925 | D:6      | Killed Pikel
  3925 | D:6      | Reached skill level 9 in Unarmed Combat
  3972 | D:6      | Found a shimmering altar of Xom.
  3975 | D:6      | Noticed Prince Ribbit
  4035 | D:6      | Found Ampuaca's Magic Scroll Boutique.
  4099 | D:6      | Bought a scroll of remove curse for 33 gold pieces
  4104 | D:6      | Bought a scroll of magic mapping for 38 gold pieces
  4104 | D:6      | Bought a scroll of teleportation for 33 gold pieces
  4104 | D:6      | Bought a scroll of identify for 22 gold pieces
  4145 | D:6      | Found a stormy altar of Qazlal.
  4161 | D:6      | Reached skill level 10 in Unarmed Combat
  4235 | D:6      | Killed Prince Ribbit
  4263 | D:6      | Noticed Menkaure
  4265 | D:6      | Killed Menkaure
  4265 | D:6      | Reached XP level 9. HP: 89/91 MP: 8/8
  4486 | D:6      | Found a staircase to the Ecumenical Temple.
  4759 | D:6      | Noticed Crazy Yiuf
  4761 | D:6      | Killed Crazy Yiuf
  5717 | Temple   | Entered the Ecumenical Temple
  6149 | D:8      | Reached skill level 11 in Unarmed Combat
  6305 | D:8      | Found Zin's Purification Station.
  6305 | D:8      | Found a glowing silver altar of Zin.
  6344 | D:8      | Found a white marble altar of Elyvilon.
  7108 | D:8      | Reached skill level 12 in Unarmed Combat
  7355 | D:9      | Reached XP level 10. HP: 75/102 MP: 9/9
  7390 | D:9      | Noticed a gargoyle
  7405 | D:9      | Slain by a gargoyle

Vault maps used:
D:1:      sevenhm_arrival_forest_fort_large_4, minmay_fountain_box
D:2:      tso_metal_star, yredelemnul_altar_generic, grunt_decor_arrowhead,
          kennysheep_another_room
D:3:      wad_woods_pond, first_bread, uniq_grinder
D:4:      kennysheep_mini_moat
D:5:      nicolae_overflow_hidden_temple, hex_medium
D:6:      overflow_temple_1_default, nicolae_overflow_crystal_walls,
          minmay_temple_entry_fiery, serial_shops, shop_statue, uniq_pikel,
          uniq_crazy_yiuf_cottage, uniq_prince_ribbit1, uniq_menkaure
D:8:      lemuel_crystal_altar, zin_purify, hangedman_little_slice_of_home
Temple:   hc_temple_tempest_star

Action                   |  1- 3 |  4- 6 |  7- 9 | 10-12 || total
-------------------------+-------+-------+-------+-------++-------
Melee: Unarmed           |    67 |   118 |   369 |    20 ||   574
Throw: Large rock        |       |       |     2 |     2 ||     4
  Use: Scroll            |       |     9 |     4 |       ||    13
 Stab: Sleeping          |     1 |       |     7 |       ||     8
       Distracted        |       |       |     1 |       ||     1
  Eat: Chunk             |    14 |    15 |    43 |     1 ||    73
